AoeStats
← RIO1000

Arabia

506383179Analyzed
1v1 RM · 20d ago on Sep 13, 2026· 50m 42s· 2 players
Game mode
Random Map
Map size
Tiny (2 player)
Population
200
Speed
Normal
Resources
Standard
Victory
Conquest
Starting age
Dark Age
Ending age
Imperial Age
RankedLock teamsTeams togetherTeam positionsShared explorationLock speedFull tech treeHidden civsTurbo modeCheats
Victory
Defeat
🇲🇾 Franks · Malaysia
968
+15
🇲🇽 Magyars · Mexico
954
-15
RIO1000
10:22 Feudal Age
10:48 Loom
10:51 Double-Bit Axe
10:48 Horse Collar
23:22 Castle Age
23:14 Scale Barding Armor
24:12 Heavy Plow
24:25 Bow Saw
24:58 Wheelbarrow
25:44 Gold Mining
26:09 Pikeman
29:31 Fletching
34:09 Bloodlines
33:59 Husbandry
38:06 Bodkin Arrow
41:37 Imperial Age
39:55 Scale Mail Armor
40:59 Chain Barding Armor
41:03 Chain Mail Armor
41:49 Cavalier
44:00 Halberdier
45:09 Bracer
45:56 Chain Barding Armor
46:57 Hand Cart
46:48 Town Watch
48:10 Two-Man Saw
46:46 Elite Skirmisher
47:40 Light Cavalry
49:16 Corvinian Army
49:30 Thumb Ring
quiqueleon
10:16 Feudal Age
11:17 Double-Bit Axe
12:40 Loom
17:34 Wheelbarrow
23:37 Castle Age
22:35 Fletching
22:52 Gold Mining
23:59 Scale Barding Armor
24:04 Forging
24:06 Scale Barding Armor
24:28 Crossbowman
28:13 Ballistics
27:51 Bodkin Arrow
31:14 Stone Mining
35:05 Imperial Age
34:09 Chain Barding Armor
34:28 Iron Casting
34:14 Chain Barding Armor
34:36 Town Watch
35:43 Bow Saw
36:31 Block Printing
36:48 Sanctity
36:58 Illumination
36:45 Fervor
36:26 Cavalier
37:07 Husbandry
39:16 Hand Cart
40:34 Town Patrol
41:18 Plate Barding Armor
41:43 Blast Furnace
44:03 Scale Mail Armor
43:44 Paladin
45:44 Elite Throwing Axeman
47:43 Gold Shaft Mining
48:23 Conscription
49:00 #83
49:47 Siege Engineers
49:38 Murder Holes
49:54 Masonry
51:01 Chain Mail Armor
Connection lost

Rejoining the realm…

Still unreachable

The connection could not be restored.

Session expired

The server has moved on; the page needs a fresh start.